Map: Romanticide LE

Players

kuotoss

  • Race: Protoss Protoss
  • League: Diamond
  • Spawn Location: 11:00

Pumba - Winner!

  • Race: Zerg Zerg
  • League: Diamond
  • Spawn Location: 5:00

VOD

Have the link to the VOD?

Description

Time

  • Played on: Aug. 17, 2021, 8:52 p.m.
  • Length: 9:04
Show
View Real Time Build Order
Export as new Build Order

kuotoss Protoss 

Build Orders: 1 Gate Expand 

Get SALT Encoding   

  12  0:00  Probe  
  13  0:12  Probe  
  14  0:18  Pylon  
  14  0:24  Probe (Chrono Boost)  
  15  0:37  Probe (Chrono Boost)  
  15  0:40  Gateway  
  16  0:45  Probe (Chrono Boost)  
  16  0:49  Assimilator  
  17  0:52  Probe  
  18  1:04  Probe  
  19  1:15  Pylon  
  19  1:18  Probe  
  20  1:34  Nexus  
  20  1:41  Cybernetics Core  
  20  1:47  Assimilator  
  20  1:53  Pylon  
  20  1:55  Probe  
  21  2:07  Probe  
  22  2:17  Adept (Chrono Boost)  
  22  2:19  Warp Gate, Probe  
  25  2:24  Robotics Facility  
  24  2:40  Stalker (Chrono Boost)  
  24  2:42  Probe  
  27  2:46  Probe  
  28  2:54  Gateway  
  28  2:58  Probe  
  29  3:03  Gateway  
  29  3:12  Gateway  
  29  3:25  Gateway, Probe  
  29  3:26  Probe  
  31  3:34  Pylon  
  31  3:38  Probe x2  
  33  3:46  Warp Prism (Chrono Boost)  
  33  3:52  Probe  
  36  3:57  Pylon  
  36  3:59  Probe  
  37  4:04  Probe  
  38  4:11  Probe  
  38  4:16  Probe  
  40  4:20  Stalker x3  
  46  4:25  Stalker  
  48  4:37  Probe x2  
  50  4:55  Stalker x2  
  50  4:56  Stalker x3  
  60  5:12  Pylon  
  60  5:28  Zealot  
  60  5:33  Zealot x3  
  38  5:57  Stalker x3  
  38  5:58  Stalker x2  
  38  5:59  Probe  
  47  6:07  Probe  
  48  6:23  Twilight Council  
  48  6:25  Stalker  
  50  6:26  Zealot x4  
  50  6:31  Pylon  
  58  6:37  Gateway  
  58  6:38  Gateway  
  58  6:41  Gateway  
  58  6:43  Gateway  
  58  6:52  Warp Prism  
  60  6:54  Charge (Chrono Boost)  
  60  6:55  Zealot x2  
  60  6:56  Zealot x3  
  70  7:04  Pylon  
  70  7:07  Pylon  
  70  7:19  Zealot x2  
  70  7:20  Zealot x2  
  78  7:33  Zealot x3  
  84  7:50  Pylon  
  84  7:53  Stalker x4  
  84  7:54  Stalker  
  94  8:07  Pylon  
  94  8:18  Zealot  
  94  8:19  Zealot x3  
  94  8:31  Zealot x5  
  94  8:32  Zealot x4  
Show
View Real Time Build Order
Export as new Build Order

Pumba Zerg - Winner!

Build Orders: Pool First 

Get SALT Encoding   

  12  0:00  Drone  
  13  0:13  Overlord  
  13  0:16  Drone  
  14  0:31  Drone x2  
  14  0:35  Drone  
  17  0:43  Spawning Pool  
  17  0:47  Drone  
  17  1:03  Drone  
  18  1:17  Hatchery  
  18  1:18  Drone  
  18  1:20  Extractor  
  17  1:27  Drone  
  17  1:30  Queen  
  20  1:37  Drone  
  22  1:40  Zergling x2  
  22  1:50  Overlord  
  22  2:08  Queen, Drone  
  25  2:23  Metabolic Boost, Drone x2  
  27  2:32  Drone  
  28  2:41  Drone x4  
  32  2:46  Overlord  
  32  2:57  Queen  
  34  3:03  Hatchery  
  33  3:06  Drone  
  33  3:07  Drone  
  33  3:10  Overlord  
  35  3:13  Drone  
  36  3:20  Drone x6  
  42  3:28  Overlord  
  42  3:35  Queen  
  42  3:36  Queen  
  46  3:45  Zergling x2  
  46  3:46  Zergling x4  
  49  3:59  Drone x4  
  49  4:00  Drone  
  54  4:11  Drone x2  
  54  4:12  Overlord  
  54  4:13  Overlord  
  56  4:33  Lair  
  56  4:34  Drone x7  
  56  4:35  Baneling Nest, Extractor  
  61  4:42  Zergling x4  
  61  4:44  Queen  
  65  4:53  Spine Crawler  
  65  4:55  Spine Crawler  
  65  4:56  Overlord  
  65  4:57  Overlord  
  65  4:59  Drone x2  
  65  5:01  Zergling x12  
  65  5:02  Queen  
  73  5:09  Overlord x2  
  73  5:10  Overlord  
  73  5:15  Hatchery, Overlord x2  
  72  5:24  Zergling x8  
  75  5:29  Zergling x10  
  75  5:32  Zergling x4  
  72  5:51  Zergling x16  
  80  6:02  Zergling x12  
  86  6:07  Zergling x2  
  87  6:14  Zergling x6  
  87  6:15  Zergling x4  
  91  6:18  Centrifugal Hooks  
  91  6:21  Spire  
  91  6:23  Evolution Chamber  
  91  6:24  Drone x2, Extractor  
  91  6:25  Extractor, Evolution Chamber  
  88  6:33  Overseer  
  88  6:36  Hatchery  
  88  6:37  Drone  
  88  6:38  Drone x2  
  90  6:41  Drone x5  
  90  6:42  Drone x4  
  99  6:56  Zerg Ground Armor Level 1, Zerg Melee Weapons Level 1  
  99  6:59  Drone  
  99  7:00  Drone x4, Extractor  
  99  7:01  Drone, Extractor  
  104  7:02  Drone  
  104  7:04  Drone x2  
  104  7:08  Drone  
  107  7:12  Overlord x2  
  107  7:13  Overseer  
  107  7:18  Drone x2  
  107  7:19  Zergling x4, Hatchery  
  110  7:32  Zergling x18  
  119  7:43  Baneling  
  119  7:44  Baneling x16  
  119  8:00  Overlord  
  119  8:01  Zergling x12  
  119  8:02  Zergling x10  
  130  8:07  Zergling x12  
  130  8:08  Zergling x4  
  137  8:20  Baneling x9  
  137  8:21  Baneling x3  
  137  8:22  Zergling x16  
Tags
 
Add a new tag
Caveats
  • Supply blocks, unpowered buildings, or Contaminate may cause inaccurate times.
  • Supply counts are checked every 10 seconds.